TKirby, lawful female human Monk # ----|-------- |...........| #### j@###### ------------ |...........| -----------# ....#.......# |...........| |......%..|# |..........|# |...........| |.>.......|#######.<.........|# ##............| |..........# |..........|# # -|----------- |.........|# ------------# ### # |.........|### # # -----------# # ### ########## ### # ## # ### ------- ############################### ########### |.....| # # #----.-### #-.---- |......## ###|..^.|# #|....| |.....| #.....|# #.....| |......###############################|^....# |....| ------- ------ ------ TKirby the Novice Experience level: 5 Strength: 16 Dexterity: 12 Constitution: 10 Intelligence: 12 Wisdom: 14 Charisma: 11 Health: 0(28) Energy: 34(34) Def: 6 Gold: 730 Moves: 1709 Dungeon seed: aW-Lih-hQ1AtMkMv Game ID: TKirby_1505231881 Your Inventory: Coins $ - 730 gold pieces Weapons r - a +0 dart z - 11 +0 shuriken Armor e - an uncursed +2 pair of leather gloves (being worn) n - an uncursed +1 robe (being worn) Comestibles d - 4 uncursed food rations f - 5 uncursed apples g - 6 uncursed oranges h - 4 uncursed fortune cookies Scrolls k - an uncursed scroll of scare monster o - an uncursed scroll of remove curse p - an uncursed scroll of destroy armor Spellbooks a - a blessed spellbook of sleep Potions c - 3 uncursed potions of healing w - an uncursed potion of gain ability Rings j - an uncursed +1 ring of increase damage (on left hand) Wands y - a wand of teleportation (0:6) Tools m - an uncursed oil lamp (0:1074) u - a magic marker (0:68) Spells and supernatural/magical abilities: Name Level Category Fail Memory z - sleep 1 enchantment 0% 92% W - pray for help -- divine ? -- Your skills at the end: Fighting Skills martial arts [Basic] Weapon Skills Spellcasting Skills healing spells [Basic] Final Attributes: You were piously aligned. You were sleep resistant. You were poison resistant. You saw invisible. You were stealthy. You had a +1 damage bonus. You were fast. You are dead. Vanquished creatures: 3 small mimics a pony 3 kittens a homunculus a wererat an iguana 2 acid blobs a giant rat 2 cave spiders 2 yellow molds a green mold a red mold 2 geckos 3 jackals 2 foxes a sewer rat a grid bug 2 lichens a kobold zombie 6 newts 37 creatures vanquished. Voluntary challenges: You were vegetarian. You never hit with a wielded weapon. You read items or engraved 2 times, starting on turn 537. You never genocided any monsters. You never polymorphed an object. You never changed form. You used no wishes. You never split a pudding. You never wrote Elbereth's name. You never violated your personal moral code. Dungeon overview: The Dungeons of Doom: levels 1 to 5 Level 1 a fountain a long staircase Level 2 a general store a long staircase Level 3 an altar to Huan Ti Level 4 an armor shop, a fountain Level 5 <- You were here a sink History has recorded: On T:1 you entered the Dungeons of Doom to retrieve the Amulet of Yendor! On T:344 you reached level 2 of The Dungeons of Doom. On T:498 you advanced to experience level 2. On T:515 you advanced to experience level 3. On T:526 you advanced to experience level 4. On T:790 you reached level 3 of The Dungeons of Doom. On T:1003 you advanced to experience level 5. On T:1110 you reached level 4 of The Dungeons of Doom. On T:1442 you reached level 5 of The Dungeons of Doom. Score breakdown: Gold: 730 ( 9742 points) Experience: 5 levels (11141 points) Exploration: 5 levels ( 10.42%) ( 8751 points) Discoveries: 7 items ( 2.50%) ( 4743 points) Valuables value: (no points given unless you survive) Artifact value: 0 ( 0 points) Variety of kills: 20 monsters ( 5.25%) ( 6873 points) Turncount: 1709 turns ( 0 points) Survival: died (score multiplied by 80%) Total score: 33000 Latest messages: You displace maple. (2x) The kitten bites! You kill the kitten! The door resists! (2x) The door opens. You pull back. That's the end of the world! You displace maple. (2x) You are beginning to feel hungry. That food really hit the spot! You finish eating the food ration. You displace maple. You hear someone counting money. You displace maple. This door is locked. That door is closed. (2x) As you kick the door, it crashes open! You have a sad feeling for a moment, then it passes. You hit the blue jelly! You are suddenly very cold! You hit the blue jelly. You hit the blue jelly! You are suddenly very cold! You die... Final status: Goodbye TKirby the Monk, killed by a blue jelly... You died in The Dungeons of Doom on dungeon level 5 with 33000 points, and 730 pieces of gold, after 1709 moves. You were level 5 with a maximum of 28 hit points when you died.